 Dungeon Crawl Stone Soup version 0.28-a0-1387-g3a22ab9bdc (webtiles) character file.

Game seed: 13880304176907880041

213 freelancePsychic the Magician (level 6, -2/45 HPs)
             Began as a Djinni Necromancer on Jan 3, 2022.
             Was an Initiate of Makhleb.
             Killed by an exploding human zombie (11 damage)
             ... ignited by their inner flame
             ... in an ossuary.
             The game lasted 00:09:42 (4358 turns).

freelancePsychic the Magician (Djinni Necromancer)  Turns: 4358, Time: 00:09:42

Health: -2/45      AC:  4    Str:  7    XL:     6   Next: 14%
Gold:   94         EV: 12    Int: 19    God:    Makhleb [......] SH:  0 Dex: 13

rFire   + + .      SeeInvis .   n - +0 dagger (drain)
rCold   x . .      Faith    .   (no shield)
rNeg    . . .      Spirit   .   a - +1 robe
rPois   ∞          Reflect  .   (no helmet)
rElec   .          Harm     .   (no cloak)
rCorr   .          Rampage  .   l - +0 pair of gloves
Will    .....                   (boots unavailable)
Stlth   ++........              (no amulet)
HPRegen 0.15/turn               (no ring)
MPRegen 0.00/turn               (no ring)

@: flying
A: sickness immunity, fire resistance 2, cold vulnerability 1, float, innate
caster, hp casting, extra vitality 1
a: Renounce Religion


You were in an ossuary.
You worshipped Makhleb.
Makhleb was noncommittal.
You visited 1 branch of the dungeon, and saw 4 of its levels.
You also visited: Ossuary.

You collected 154 gold pieces.
You spent 60 gold pieces at shops.

Inventory:

Hand Weapons
 n - a +0 dagger of draining (weapon)
Armour
 a - a +1 robe (worn)
 b - a +0 buckler
 l - a +0 pair of gloves (worn)
Scrolls
 e - a scroll of vulnerability {unknown}
Potions
 c - a potion of curing {unknown}
 d - a potion of attraction {unknown}
 f - a potion of heal wounds {@q2}
 g - a potion of flight {unknown}
 h - a potion of cancellation {unknown}
 i - a potion of might {unknown}


   Skills:
 + Level 2.9 Fighting
 - Level 2.1 Dodging
 - Level 1.5 Stealth
 * Level 4.8 Spellcasting
 + Level 0.1 Invocations


You couldn't memorise any spells.
You knew the following spells:

 Your Spells              Type           Power      Damage    Failure   Level
a - Pain                  Necr           88%        1d8       1%          1
b - Summon Small Mammal   Summ           88%        N/A       1%          1
c - Vampiric Draining     Necr           22%        2d7       5%          3
d - Animate Dead          Necr           11%        N/A       17%         4
e - Agony                 Necr           22%        N/A       43%         5
f - Animate Skeleton      Necr           44%        N/A       1%          1
g - Passwall              Tmut/Erth      18%        N/A       2%          2
Your spell library was empty.

Dungeon Overview and Level Annotations

Branches:
Dungeon (4/15)            Ossuary (1/1)
 Temple: D:4-7

Altars:
Hepliaklqana
Makhleb
Vehumet

Shops:
D:1 !


Innate Abilities, Weirdness & Mutations

You are immune to sickness and miasma.
You are immune to poison.
Your flesh is very heat resistant. (rF++)
You are vulnerable to cold. (rC-)
You float through the air rather than walking.
You learn spells naturally, not from books.
Your magical power is your life essence.
You have superior vitality. (+4 MHP)


Message History

You are engulfed in blazing flames.
You resist.
Your rat bites the human zombie.
Flame seeps out of the human zombie.
The hound zombie closely misses you.
You hit the jackal zombie.
Flame seeps out of the jackal zombie.
The jackal zombie is lightly damaged.
You are engulfed in blazing flames.
You resist. The hound zombie barely misses you.
The human zombie is engulfed in blazing flames.
Flame seeps out of the human zombie.
The jackal zombie is engulfed in blazing flames.
Flame seeps out of the jackal zombie.
The jackal zombie bites you but does no damage.
The hound zombie bites you but does no damage.
The hound zombie barely misses you.
Your rat closely misses the human zombie.
You are engulfed in blazing flames.
You resist.
The orc zombie is engulfed in blazing flames.
Makhleb accepts your kill.
The orc zombie explodes!
The fiery explosion engulfs the human zombie!!!
Flame seeps out of the human zombie.
The human zombie is almost destroyed.
The fiery explosion engulfs the jackal zombie!!!
Makhleb accepts your kill.
The jackal zombie explodes!
The fiery explosion engulfs you! You resist.
* * * LOW HITPOINT WARNING * * *
The fiery explosion engulfs the human zombie!!
Makhleb accepts your kill.
The fiery explosion engulfs the hound zombie!
Flame seeps out of the hound zombie.
The hound zombie is heavily damaged.
The human zombie explodes!
The fiery explosion engulfs the hound zombie!!
Makhleb accepts your kill.
The fiery explosion engulfs the hound zombie!
Flame seeps out of the hound zombie.
The hound zombie is heavily damaged.
The fiery explosion engulfs you! You resist.
You die...

#...............
##...............
.................
........r........
.................
.......ZZZZ......
.....§§§Z∩.......
.....§§§§Z.......
.....§§○@Z.......
......§§§........
##....§§.........
#...............
.M...............
................
.......#####....
...... ....


You could see a mummy, an adder zombie (inner flame), a hound zombie (inner
flame), a goblin zombie (inner flame), a kobold zombie (inner flame), an elf
zombie (inner flame), 2 human zombies and a friendly rat (summoned, inner
flame).

Vanquished Creatures
  A human zombie (Ossuary)
  An orc priest (D:3)
  Natasha (D:2)
  2 orc wizards (D:3)
  A hound zombie (Ossuary)
  3 adders
  A dart slug (D:1)
  5 orcs
  5 endoplasms
  A giant cockroach (D:1)
  5 goblins
  4 hobgoblins
  5 kobolds
  A quokka (D:2)
  3 ball pythons
  8 bats
  A jackal zombie (Ossuary)
  2 orc zombies (Ossuary)
  3 rats (D:2)
53 creatures vanquished.

Vanquished Creatures (collateral kills)
  An adder (D:2)
  A ball python (D:2)
  3 bats
  2 endoplasms (D:2)
  A giant cockroach (D:3)
  A hobgoblin (D:1)
  3 quokkas (D:2)
  2 frilled lizards (D:2)
  A kobold (D:2)
  2 rats
17 creatures vanquished.

Grand Total: 70 creatures vanquished

Notes
Turn   | Place    | Note
-------+----------+-------------------------------------------
     0 | D:1      | freelancePsychic the Djinni Necromancer began the quest for
                  | the Orb.
     0 | D:1      | Reached XP level 1. HP: 15/15 MP: 0/0
   592 | D:1      | Reached XP level 2. HP: 17/22 MP: 0/0
   952 | D:1      | Reached skill level 1 in Fighting
  1250 | D:1      | Found Memn's Distillery.
  1258 | D:1      | Bought a potion of heal wounds for 60 gold pieces
  1259 | D:1      | Found a faded altar of an unknown god.
  1490 | D:1      | Reached XP level 3. HP: 25/27 MP: 0/0
  1490 | D:1      | Learned a level 1 spell: Summon Small Mammal
  2607 | D:2      | Reached XP level 4. HP: 30/32 MP: 0/0
  2641 | D:2      | Reached skill level 4 in Spellcasting
  3416 | D:3      | Reached XP level 5. HP: 32/38 MP: 0/0
  3416 | D:3      | Learned a level 2 spell: Passwall
  3660 | D:3      | Noticed Natasha
  3698 | D:2      | Killed Natasha
  3699 | D:2      | Reached XP level 6. HP: 43/45 MP: 0/0
  3762 | D:3      | Found a hazy altar of Hepliaklqana.
  3763 | D:3      | Found a burning altar of Makhleb.
  3773 | D:3      | Became a worshipper of Makhleb the Destroyer
  4342 | D:4      | Found a sand-covered staircase.
  4350 | Ossuary  | Entered an ossuary
  4358 | Ossuary  | Killed by an exploding human zombie... ignited by their
                  | inner flame

Illustrated notes

Levels and vault maps discovered:
D:1:      lemuel_arrival_behind_the_door_small, layout_loops_ring,
          hellmonk_ecumenical_altar_leap_of_faith, serial_shops, shop
D:2:      layout_basic
D:3:      cheibrodos_helix_gallery, layout_rooms, grunt_temple_overflow_open,
          uniq_natasha
D:4:      layout_basic, mainiacjoe_overflow_six_doors_small, enter_ossuary_4
Ossuary:  ossuary_minmay_tomb_2a

Skill      XL: |  1  2  3  4 |
---------------+-------------+-----
Fighting       | 1 2 |  2.9
Spellcasting   | 4 |  4.8
Dodging        | |  2.1
Stealth        | |  1.5
Invocations    | |  0.1

Action                   |  1- 3 |  4- 6 || total
-------------------------+-------+-------++-------
Melee: Dagger            |    14 |    32 ||    46
 Cast: Pain              |    43 |     3 ||    46
       Summon Small Mamm |    19 |    30 ||    49
       Vampiric Draining |       |    26 ||    26
  Use: Scroll            |     4 |     5 ||     9
Armor: Robe              |     7 |    24 ||    31
Dodge: Dodged            |    12 |    51 ||    63

Table legend: (Time is in decaauts)
 A = Elapsed time spent in this place.
 B = Non-inter-level travel time spent in this place.
 C = Inter-level travel time spent in this place.
 D = Time resting spent in this place.
 E = Time spent auto-exploring this place.
 F = Levels seen in this place.
 G = Mean time per level.
                   A        B        C        D        E       F      G
               +--------+--------+--------+--------+--------+-----+--------+
         Total |   4362 |   4236 |    126 |    260 |   3209 |   5 |  872.4 |
       Dungeon |   4354 |   4228 |    126 |    260 |   3209 |   4 | 1088.5 |
       Ossuary |      7 |      7 |      0 |      0 |      0 |   1 |    7.0 |
               +--------+--------+--------+--------+--------+-----+--------+

Top non-repeatable levels by time:
     D:1: 1733 daAuts
     D:2: 1527 daAuts
     D:3: 884 daAuts
     D:4: 209 daAuts
 Ossuary: 7 daAuts
